General information
- name: BNet
- type: Ladder team game (AT/RT)
- host: Battle.net
- saver: timg4strok
map: TwistedMeadows
- players: 4
- length: 17:16
- speed: Fast
- version: 1.20 W3XP
- replay type:

» download(138 KB)
Players
team 1 (loser)

»
Mata. (
blue | 164 APM | 2838 actions | 17:16)
4 Archmage
2 Summon Water Elemental
2 Brilliance Aura
3 Mountain King
2 Storm Bolt
1 Bash
» actions
| Assign group hotkey | 214 | |
| Basic commands | 9 | |
| Build / train | 71 | |
| Enter build submenu | 19 | |
| Enter hero's abilities submenu | 7 | |
| Give item / drop item | 1 | |
| Right click | 1372 | |
| Select / deselect | 543 | |
| Select group hotkey | 547 | |
| Use ability | 55 | |
2838 total
» units
| Peasant | 14 | |
| Rifleman | 24 | |
| Sorceress | 6 | |
| Priest | 2 | |
46 total
» upgrades
» buildings
| Altar of Kings | 1 | |
| Farm | 8 | |
| Blacksmith | 2 | |
| Barracks | 3 | |
| Keep | 1 | |
| Arcane Vault | 1 | |
| Arcane Sanctum | 1 | |
17 total
» build order
00:04 Altar of Kings
00:32 Farm
00:47 Blacksmith
00:48 Blacksmith
00:50 Barracks
01:26 Farm
01:50 Farm
03:18 Farm
04:02 Farm
04:04 Barracks
04:06 Barracks
05:09 Farm
06:27 Keep
06:38 Arcane Vault
09:13 Arcane Sanctum
10:18 Farm
10:47 Farm
» items
| Scroll of Regeneration | 2 | |
| Lesser Clarity Potion | 1 | |
| Scroll of Town Portal | 1 | |
| Potion of Healing | 1 | |
5 total
timg4strok (
green | 134 APM | 2322 actions | 17:16)
4 Priestess of the Moon
2 Trueshot Aura
2 Searing Arrows
1 Keeper of the Grove
1 Entangling Roots
» actions
| Assign group hotkey | 27 | |
| Basic commands | 60 | |
| Build / train | 50 | |
| ESC pressed | 4 | |
| Enter build submenu | 17 | |
| Enter hero's abilities submenu | 5 | |
| Right click | 1219 | |
| Select / deselect | 314 | |
| Select group hotkey | 567 | |
| Use ability | 59 | |
2322 total
» units
| Wisp | 14 | |
| Huntress | 8 | |
| Dryad | 1 | |
| Druid of the Claw | 6 | |
| Archer | 7 | |
36 total
» upgrades
| Druid of the Claw Training | 2 | |
| Abolish Magic | 1 | |
3 total
» buildings
| Altar of Elders | 2 | |
| Moon Well | 5 | |
| Hunter's Hall | 1 | |
| Ancient of War | 4 | |
| Tree of Ages | 1 | |
| Ancient of Lore | 3 | |
| Tree of Eternity | 1 | |
17 total
» build order
00:13 Altar of Elders
00:16 Moon Well
01:51 Hunter's Hall
01:55 Ancient of War
02:10 Ancient of War
02:29 Moon Well
02:50 Ancient of War
03:14 Ancient of War
03:26 Moon Well
04:06 Moon Well
04:59 Moon Well
07:24 Tree of Ages
09:49 Ancient of Lore
09:50 Ancient of Lore
13:29 Tree of Eternity
15:47 Altar of Elders
17:14 Ancient of Lore
» items
team 2 (winner)
crazyjaydee (
red | 168 APM | 2898 actions | 17:16)
5 Blademaster
3 Wind Walk
2 Critical Strike
3 Tauren Chieftain
1 Endurance Aura
2 Shockwave
» actions
| Assign group hotkey | 33 | |
| Basic commands | 125 | |
| Build / train | 74 | |
| ESC pressed | 1 | |
| Enter build submenu | 16 | |
| Enter hero's abilities submenu | 8 | |
| Remove unit from queue | 2 | |
| Right click | 1045 | |
| Select / deselect | 461 | |
| Select group hotkey | 1029 | |
| Use ability | 104 | |
2898 total
» units
» upgrades
| Berserker Strength | 1 | |
| Pillage | 1 | |
| Ensnare | 1 | |
3 total
» buildings
| Altar of Storms | 1 | |
| Orc Burrow | 5 | |
| Barracks | 1 | |
| Stronghold | 4 | |
| Voodoo Lounge | 3 | |
| Beastiary | 2 | |
| War Mill | 1 | |
17 total
» build order
00:08 Altar of Storms
00:22 Orc Burrow
00:37 Barracks
01:35 Orc Burrow
02:39 Stronghold
02:39 Stronghold
02:40 Stronghold
03:20 Orc Burrow
03:42 Voodoo Lounge
05:58 Beastiary
06:48 Orc Burrow
08:20 Beastiary
09:46 Voodoo Lounge
11:08 Voodoo Lounge
11:55 Orc Burrow
14:19 War Mill
» items
| Lesser Clarity Potion | 3 | |
| Healing Salve | 2 | |
| Scroll of Speed | 2 | |
| Potion of Healing | 1 | |
| Dust of Appearance | 1 | |
| Boots of Speed | 1 | |
| Potion of Lesser Invulnerability | 2 | |
12 total
WFCXSHYGUY (
yellow | 202 APM | 3492 actions | 17:16)
4 Demon Hunter
2 Mana Burn
2 Evasion
3 Pandaren Brewmaster
2 Breath of Fire
1 Drunken Haze
» actions
| Assign group hotkey | 360 | |
| Basic commands | 53 | |
| Build / train | 54 | |
| Enter build submenu | 14 | |
| Enter hero's abilities submenu | 7 | |
| Give item / drop item | 1 | |
| Remove unit from queue | 2 | |
| Right click | 1323 | |
| Select / deselect | 407 | |
| Select group hotkey | 1218 | |
| Use ability | 53 | |
3492 total
» units
| Wisp | 16 | |
| Huntress | 6 | |
| Archer | 1 | |
| Dryad | 7 | |
| Druid of the Claw | 3 | |
33 total
» upgrades
| Ultravision | 1 | |
| Backpack | 1 | |
| Abolish Magic | 1 | |
| Strength of the Wild | 1 | |
| Druid of the Claw Training | 2 | |
6 total
» buildings
| Altar of Elders | 1 | |
| Moon Well | 4 | |
| Ancient of War | 2 | |
| Hunter's Hall | 1 | |
| Tree of Ages | 1 | |
| Ancient of Wonders | 1 | |
| Ancient of Lore | 2 | |
| Tree of Life | 1 | |
| Tree of Eternity | 1 | |
14 total
» build order
00:06 Altar of Elders
00:19 Moon Well
01:47 Ancient of War
01:49 Hunter's Hall
02:07 Moon Well
02:31 Ancient of War
02:47 Moon Well
04:40 Moon Well
05:04 Tree of Ages
06:28 Ancient of Wonders
07:43 Ancient of Lore
08:19 Ancient of Lore
11:24 Tree of Life
12:40 Tree of Eternity
» items
Chat log
(00:06 / Allies) Mata.: hook gold
(00:06 / All) timg4strok: GG and GL
(00:11 / All) crazyjaydee: ggl
(00:13 / All) WFCXSHYGUY: yes
(00:19 / Allies) timg4strok: isnt shyguy a pro
(00:24 / Allies) Mata.: i don't know
(00:43 / Allies) timg4strok: play wit all ur game u got . . .
(01:07 / Allies) Mata.: my rifle build has been improved
(01:12 / Allies) timg4strok: my hunt too
(01:12 / Allies) Mata.: now i get mega fast rifle
(01:27 / Allies) timg4strok: what were race
(01:30 / Allies) Mata.: ne o
(01:34 / Allies) timg4strok: fux
(01:39 / Allies) Mata.: ne
(04:40 / Allies) Mata.: that hunt
(04:41 / Allies) Mata.: is dead now
(04:45 / Allies) timg4strok: micro please
(04:48 / Allies) timg4strok: he was killin wisp
(04:53 / Allies) Mata.: oh sorry
(05:07 / Allies) timg4strok: gettin dust
(06:25 / Allies) Mata.: i got owned in that fight
(06:42 / Allies) timg4strok: got 8 hunt
(06:46 / Allies) Mata.: got a few rifle men
(06:48 / Allies) Mata.: want to hit ne?
(06:51 / Allies) Mata.: tped
(07:38 / Allies) Mata.: heading up
(09:19 / Allies) Mata.: guy has panda
(09:24 / Allies) Mata.: harrr
(09:42 / Allies) Mata.: lets join up and hit ne
(09:42 / Allies) Mata.: ya
(09:52 / Allies) Mata.: orc wyv?
(09:53 / Allies) Mata.: or raider
(09:55 / Allies) timg4strok: no idea
(09:58 / Allies) timg4strok: i killbefore i see
(10:31 / Allies) Mata.: forgot a period i think
(10:40 / Allies) Mata.: holy goddamn
(10:41 / Allies) Mata.: timg
(10:42 / Allies) Mata.: gopld
(10:45 / Allies) Mata.: give
(11:00 / Allies) timg4strok: yo
(11:02 / Allies) timg4strok: where are you
(11:06 / Allies) timg4strok: im destroying red
(11:11 / Allies) Mata.: lets meet
(11:12 / Allies) Mata.: and win
(11:17 / Allies) timg4strok: been fighting both them
(11:23 / Allies) Mata.: that doesn't sound smart
(11:31 / Allies) timg4strok: been killing reds base
(11:35 / Allies) timg4strok: then they come i run
(11:37 / Allies) Mata.: lost my hero
(11:39 / Allies) timg4strok: lets hit ne
(11:40 / Allies) timg4strok: ok
(11:59 / Allies) timg4strok: wod me
(13:21 / Allies) timg4strok: out
(14:24 / Allies) Mata.: oh well i got yellow hero
(14:29 / Allies) timg4strok: please
(14:35 / Allies) Mata.: archmage
(14:36 / Allies) Mata.: is out soon
(15:10 / Allies) Mata.: 3
(15:12 / Allies) Mata.: 2
(15:13 / Allies) Mata.: 1
(15:18 / Allies) Mata.: tping behnid them
(16:31 / Allies) timg4strok: fuck you
(16:38 / Allies) timg4strok: you killed my kotg
(16:44 / Allies) timg4strok: whyd you take rejuv
(16:58 / Allies) Mata.: okay i guess i won't ever use rejuv to save unit because you might need some day
(17:08 / Allies) Mata.: oh well it's gg
(17:14 / All) timg4strok: gg